Map: Blackpink LE

Players

SamuraiFunn - Winner!

  • Race: Protoss Protoss
  • League: Platinum
  • Spawn Location: 7:00

A.I. 1 (Harder)

  • Race: Zerg Zerg
  • Spawn Location: 1:00

VOD

Have the link to the VOD?

Description

Time

  • Played on: Nov. 27, 2017, 10:58 p.m.
  • Length: 7:02
Show
View Real Time Build Order
Export as new Build Order

SamuraiFunn Protoss - Winner!

Build Orders: Dark Templar Rush 

Get SALT Encoding   

  12  0:03  Probe  
  13  0:15  Probe  
  14  0:23  Pylon  
  14  0:27  Probe  
  15  0:41  Probe  
  16  0:47  Gateway  
  16  0:54  Probe (Chrono Boost)  
  17  0:59  Assimilator  
  17  1:05  Assimilator  
  17  1:09  Probe (Chrono Boost)  
  18  1:11  Pylon  
  18  1:12  Probe  
  19  1:24  Probe  
  20  1:36  Cybernetics Core  
  20  1:37  Zealot  
  22  1:42  Probe  
  23  1:54  Probe  
  24  2:06  Probe  
  25  2:18  Probe, Nexus  
  26  2:24  Twilight Council  
  26  2:31  Probe  
  27  2:39  Pylon  
  27  2:43  Probe  
  28  2:53  Warp Gate (Chrono Boost)  
  28  2:55  Probe  
  29  3:03  Gateway  
  29  3:04  Gateway  
  29  3:20  Probe  
  29  3:23  Dark Shrine  
  30  3:32  Probe  
  31  3:38  Assimilator  
  31  3:39  Assimilator  
  31  3:46  Probe x2  
  33  4:04  Gateway  
  33  4:12  Pylon  
  34  4:17  Probe x2  
  35  4:29  Probe x2  
  37  4:53  Dark Templar x3  
  43  5:06  Pylon  
  43  5:07  Dark Templar  
  45  5:15  Pylon  
  43  5:26  Dark Templar x3  
  43  5:40  Probe x2  
  41  5:52  Probe x2  
  41  5:55  Dark Templar  
  43  6:02  Dark Templar x2  
  43  6:03  Dark Templar  
  50  6:04  Probe  
  50  6:42  Dark Templar x4  
Show
View Real Time Build Order
Export as new Build Order

A.I. 1 (Harder) Zerg 

Build Orders: Pool Only 

Get SALT Encoding   

  12  0:00  Drone  
  13  0:12  Overlord  
  13  0:17  Drone  
  14  0:30  Drone x2  
  16  0:44  Spawning Pool  
  16  0:45  Drone  
  16  0:49  Drone  
  17  0:53  Extractor  
  17  0:55  Drone  
  17  1:05  Overlord  
  17  1:31  Zergling x2  
  18  1:33  Queen  
  18  1:34  Zergling x2  
  18  1:35  Roach Warren  
  18  1:38  Drone  
  21  1:41  Extractor  
  20  1:49  Drone  
  21  1:59  Drone  
  22  2:10  Zergling x2  
  22  2:15  Lair  
  23  2:21  Drone  
  24  2:31  Overlord  
  24  2:40  Drone  
  24  2:42  Zergling x2  
  26  2:51  Metabolic Boost  
  26  2:53  Zergling x2  
  26  2:58  Zergling x2  
  28  3:13  Overlord  
  28  3:17  Infestation Pit  
  28  3:18  Drone  
  28  3:29  Drone  
  28  3:33  Drone  
  30  3:36  Drone  
  31  3:44  Overlord  
  31  3:48  Drone  
  32  3:52  Drone  
  32  3:54  Swarm Host  
  37  3:55  Drone  
  37  4:02  Drone  
  38  4:07  Baneling Nest  
  37  4:13  Drone  
  37  4:14  Swarm Host  
  37  4:15  Evolution Chamber  
  40  4:17  Drone  
  40  4:18  Swarm Host  
  44  4:39  Roach  
  44  4:42  Overlord  
  46  4:47  Roach  
  46  4:49  Hydralisk Den  
  47  4:54  Zerg Melee Weapons Level 1, Roach  
  48  5:18  Hydralisk, Spore Crawler  
  48  5:19  Drone  
  47  5:25  Spore Crawler  
  47  5:26  Drone  
  44  5:29  Overseer  
  44  5:35  Spore Crawler, Roach  
  41  5:38  Drone  
  26  5:43  Drone  
  15  5:55  Drone  
  16  6:03  Drone  
  17  6:09  Drone  
  18  6:15  Drone  
  19  6:23  Drone  
  16  6:28  Drone  
  17  6:37  Drone  
  10  6:41  Drone  
Tags
 
League
Platinum
Matchup
PvZ
Opening
Pool Only
Replay Pack
First 100 games
Spawn Locations
Cross Positions
Add a new tag
Caveats
  • Supply blocks, unpowered buildings, or Contaminate may cause inaccurate times.
  • Supply counts are checked every 10 seconds.